 Dungeon Crawl Stone Soup version 0.29-a0-819-g94b489e0ae (webtiles) character file.

Game seed: 18224437222306547177

96 gobodom the Magician (level 4, -3/31 HPs)
             Began as a Djinni Hedge Wizard on July 7, 2022.
             Slain by a white imp (4 damage)
             ... summoned by Natasha
             ... on level 2 of the Dungeon.
             The game lasted 00:05:27 (1550 turns).

gobodom the Magician (Djinni Hedge Wizard)          Turns: 1550, Time: 00:05:29

Health: -3/31      AC:  2    Str:  9    XL:     4   Next: 98%
Gold:   73         EV: 12    Int: 18    God:
                   SH:  0    Dex: 12

rFire   + + .      SeeInvis .   j - +2 flail (vorpal)
rCold   x . .      Faith    .   (no shield)
rNeg    . . .      Spirit   .   b - +0 robe
rPois   ∞          Reflect  .   c - +0 hat
rElec   .          Harm     .   (no cloak)
rCorr   .          Rampage  .   (no gloves)
Will    .....                   (boots unavailable)
Stlth   ++........              (no amulet)
HPRegen 0.10/turn               (no ring)
MPRegen 0.00/turn               (no ring)

@: flying
A: sickness immunity, fire resistance 2, cold vulnerability 1, float, innate
caster, HP casting, extra vitality 1
a: no special abilities


You were on level 2 of the Dungeon.
You visited 1 branch of the dungeon, and saw 2 of its levels.

You collected 73 gold pieces.

Inventory:

Hand Weapons
 j - a +2 vorpal flail (weapon)
Missiles
 h - 2 poisoned darts
Armour
 b - a +0 robe (worn)
 c - a +0 hat (worn)
Scrolls
 d - a scroll of identify {unknown}
 e - 2 scrolls of enchant armour {unknown}
 g - a scroll of poison {unknown}
 i - a scroll of teleportation {unknown}
Potions
 f - a potion of curing {unknown}


   Skills:
 + Level 2.5 Dodging
 + Level 1.8 Stealth
 + Level 3.9 Spellcasting


You couldn't memorise any spells.
You knew the following spells:

 Your Spells              Type           Power      Damage    Failure   Level
a - Magic Dart            Conj           68%        1d6       3%          1
b - Blink                 Tloc           34%        N/A       4%          2
c - Call Imp              Summ           17%        N/A       4%          2
d - Slow                  Hex            68%        N/A       3%          1
e - Conjure Flame         Conj/Fire      17%        6-21      9%          3
f - Mephitic Cloud        Conj/Pois/Air  17%        N/A       9%          3
g - Shock                 Conj/Air       68%        1d7       3%          1
Your spell library was empty.

Dungeon Overview and Level Annotations

Branches:
Dungeon (2/15)

Altars:

Annotations:
D:2 Natasha


Innate Abilities, Weirdness & Mutations

You are immune to sickness and miasma.
You are immune to poison.
Your flesh is very heat resistant. (rF++)
You are vulnerable to cold. (rC-)
You float through the air rather than walking.
You learn spells naturally, not from books.
Your magical power is your life essence.
You have superior vitality. (+4 MHP)


Message History

A goblin comes into view. It is wielding a +0 club.
The goblin shouts!
Things that are here:
a +0 spear; a +0 animal skin; a +0 helmet
Casting: Shock (safe; 3% risk of failure)
Confirm with . or Enter, or press ? or * to list all spells.
Aiming: Shock (safe; 3% risk of failure)
Press: ? - help, Shift-Dir - straight line The zap hits the goblin.
You kill the goblin!
Found a stone staircase leading down.
Items here: )) ††.
You see here a +0 club.
You now have 73 gold pieces (gained 5).
Items here: )) ††.
Natasha, Servant of Life and Death comes into view.
Things that are here:
a +0 spear; a +0 animal skin; a +0 helmet Natasha hisses angrily.
Items here: )) †††.
Natasha claws you.
* * * LOW HITPOINT WARNING * * *
You see here a +0 dagger.
Casting: Shock (safe; 3% risk of failure)
Confirm with . or Enter, or press ? or * to list all spells.
Aiming: Shock (safe; 3% risk of failure)
Press: ? - help, Shift-Dir - straight line The zap hits Natasha but does no damage.
The zap hits Natasha.
Natasha is heavily wounded.
* * * LOW HITPOINT WARNING * * *
Natasha casts a spell.
You closely miss Natasha.
Natasha is heavily wounded.
Natasha claws you.
* * * LOW HITPOINT WARNING * * *
The white imp hits you.
* * * LOW HITPOINT WARNING * * *
The white imp freezes you.
You feel a terrible chill!
You die...

.......<.#
#..
########.#
#.# #.# #.#
#.# #.# #.#
#.# #.#
#.####.# #.#
#......#
#####.###)##
#..h@.)))..#
#$###5###..#
#.# #..# #.#
#..# ..#
#..# ###
#.>. ##.##
.# .#


You could see Natasha and a white imp (summoned).

Vanquished Creatures
  Natasha (twice) (D:2)
  Robin (D:2)
  A worm (D:2)
  2 endoplasms
  2 giant cockroaches (D:1)
  5 goblins (D:2)
  4 hobgoblins (D:2)
  3 kobolds
  3 quokkas (D:1)
  3 ball pythons
  2 bats
  A frilled lizard (D:1)
  2 rats (D:1)
31 creatures vanquished.

Notes
Turn   | Place    | Note
-------+----------+-------------------------------------------
     0 | D:1      | gobodom the Djinni Hedge Wizard began the quest for the
                  | Orb.
     0 | D:1      | gobodom set off with the following spells memorised: Magic
                  | Dart, Blink, Call Imp, Slow, Conjure Flame, Mephitic Cloud.
     0 | D:1      | Reached XP level 1. HP: 15/15 MP: 0/0
   367 | D:1      | Reached XP level 2. HP: 15/21 MP: 0/0
   725 | D:1      | Noticed a shining eye
   727 | D:1      | Found a faded altar of an unknown god.
   730 | D:1      | Noticed a shining eye
   730 | D:1      | Noticed an eye of devastation
   730 | D:1      | Noticed a great orb of eyes
  1164 | D:2      | Noticed Natasha
  1170 | D:2      | Killed Natasha
  1171 | D:2      | Reached skill level 3 in Spellcasting
  1171 | D:2      | Reached XP level 3. HP: 21/25 MP: 0/0
  1171 | D:2      | Learned a level 1 spell: Shock
  1439 | D:2      | Noticed Natasha
  1444 | D:2      | Killed Natasha
  1445 | D:2      | Reached XP level 4. HP: 29/31 MP: 0/0
  1506 | D:2      | Noticed Robin
  1515 | D:2      | Killed Robin
  1545 | D:2      | Noticed Natasha
  1550 | D:2      | HP: 1/31 [white imp[Natasha] (2)]
  1550 | D:2      | Slain by a white imp

Illustrated notes

Levels and vault maps discovered:
D:1:      onia_arrival_pyramid, layout_rooms,
          hellmonk_ecumenical_altar_watching_god, minmay_misc_feat_enclosed
D:2:      minmay_spotlight, layout_loops_ring, uniq_robin,
          uniq_crazy_yiuf_cottage, uniq_natasha

Skill      XL: |  1  2 |
---------------+-------+-----
Spellcasting   | 3 |  3.9
Dodging        | |  2.5
Stealth        | |  1.8

Action                   |  1- 3 |  4- 6 || total
-------------------------+-------+-------++-------
Melee: Flail             |     2 |     3 ||     5
       Dagger            |     1 |       ||     1
 Cast: Magic Dart        |    40 |       ||    40
       Shock             |    12 |    23 ||    35
Armor: Robe              |     1 |       ||     1
Dodge: Dodged            |     7 |     3 ||    10

Table legend: (Time is in decaauts)
 A = Elapsed time spent in this place.
 B = Non-inter-level travel time spent in this place.
 C = Inter-level travel time spent in this place.
 D = Time resting spent in this place.
 E = Time spent auto-exploring this place.
 F = Levels seen in this place.
 G = Mean time per level.
                   A        B        C        D        E       F      G
               +--------+--------+--------+--------+--------+-----+--------+
         Total |   1550 |   1539 |     11 |      9 |   1353 |   2 |  775.0 |
       Dungeon |   1550 |   1539 |     11 |      9 |   1353 |   2 |  775.0 |
               +--------+--------+--------+--------+--------+-----+--------+

Top non-repeatable levels by time:
     D:1: 1019 daAuts
     D:2: 531 daAuts
